Map: Mech Depot LE

Players

Kelazhur

  • Race: Terran Terran
  • Spawn Location: 7:00

Snute - Winner!

  • Race: Zerg Zerg
  • Spawn Location: 1:00

Event: WCS Montreal 2017

VOD

Have the link to the VOD?

Description

Time

  • Played on: Sept. 9, 2017, 9:01 p.m.
  • Length: 23:30

All games in this series

Show
View Real Time Build Order
Export as new Build Order

Kelazhur Terran 

Build Orders: Reaper Expand, MMM Bio, Banshee Rush 

Get SALT Encoding   

  12  0:00  SCV  
  13  0:12  SCV  
  14  0:17  Supply Depot  
  14  0:25  SCV  
  15  0:38  SCV  
  15  0:39  Barracks  
  16  0:44  Refinery  
  16  0:50  SCV  
  17  1:02  SCV  
  18  1:15  SCV  
  19  1:27  Orbital Command, Reaper  
  20  1:40  Command Center  
  20  1:50  Supply Depot  
  20  1:52  SCV  
  21  1:59  Marine  
  22  2:04  Factory  
  22  2:07  SCV  
  23  2:12  Refinery  
  23  2:19  SCV  
  23  2:20  Barracks Reactor  
  24  2:31  SCV  
  25  2:43  SCV  
  26  2:50  Starport  
  26  2:52  Orbital Command  
  26  2:55  SCV  
  29  3:06  Hellion x2  
  29  3:07  SCV  
  32  3:13  Barracks Tech Lab  
  32  3:18  SCV  
  34  3:20  SCV  
  34  3:29  Hellion x2  
  34  3:30  SCV  
  34  3:34  SCV  
  40  3:40  Cloaking Field  
  40  3:41  Viking  
  42  3:42  SCV  
  42  3:46  SCV  
  44  3:54  Supply Depot, SCV  
  45  3:58  SCV  
  46  4:06  Command Center  
  46  4:15  Banshee, SCV x2  
  46  4:17  Supply Depot, Barracks Tech Lab  
  51  4:24  Barracks  
  51  4:26  Factory Reactor  
  51  4:27  SCV x2  
  51  4:28  Barracks  
  53  4:39  Supply Depot, SCV x2  
  55  4:47  Engineering Bay x2  
  55  4:49  Stimpack  
  55  4:51  SCV x2  
  57  4:57  Marine  
  57  4:59  Banshee  
  61  5:04  SCV  
  62  5:08  SCV, Refinery  
  62  5:09  Refinery  
  62  5:12  Marine x2  
  65  5:14  Marine  
  65  5:17  SCV  
  65  5:20  Supply Depot, SCV  
  68  5:21  Marine x2  
  68  5:23  Factory Reactor  
  68  5:27  Orbital Command  
  70  5:29  SCV  
  70  5:30  Marine  
  70  5:31  Marine  
  70  5:32  Terran Infantry Weapons Level 1  
  73  5:36  Terran Infantry Armor Level 1  
  73  5:37  Marine  
  73  5:42  SCV  
  75  5:45  Marine x2, SCV  
  78  5:54  SCV  
  79  5:57  SCV  
  79  5:58  Marine x3  
  79  6:01  SCV  
  84  6:05  Factory Reactor  
  84  6:06  Marine x2, SCV  
  87  6:13  Medivac x2  
  87  6:15  Barracks  
  87  6:16  Marine, SCV  
  87  6:17  Barracks  
  93  6:18  Supply Depot  
  93  6:20  Marine  
  93  6:21  Marine  
  93  6:22  SCV  
  96  6:28  SCV  
  96  6:30  Marine x2  
  99  6:35  Marine  
  99  6:36  SCV  
  101  6:40  SCV x2  
  101  6:41  Widow Mine x2  
  101  6:42  Supply Depot  
  101  6:44  Armory, Medivac  
  109  7:00  Combat Shields  
  109  7:03  Marine x5  
  109  7:04  Medivac, SCV  
  109  7:05  Supply Depot  
  109  7:08  Supply Depot  
  117  7:12  Supply Depot  
  117  7:13  Barracks Reactor  
  117  7:14  Barracks Reactor  
  117  7:21  SCV  
  117  7:25  SCV  
  117  7:26  Marine, Widow Mine x2  
  117  7:27  Medivac, SCV  
  117  7:29  Marine x2  
  127  7:32  Supply Depot  
  127  7:33  Supply Depot, SCV  
  127  7:34  Refinery  
  128  7:37  SCV  
  128  7:39  SCV  
  128  7:41  Barracks x2, Terran Infantry Weapons Level 2  
  128  7:43  Barracks  
  130  7:45  SCV, Terran Infantry Armor Level 2  
  130  7:49  SCV  
  130  7:52  Marine  
  130  7:53  Marine x4, Marauder  
  132  8:01  Medivac x2  
  132  8:02  Marine  
  132  8:04  Marine  
  136  8:10  Marine  
  137  8:13  Supply Depot  
  134  8:20  Marine x2  
  134  8:21  Marauder  
  127  8:27  Marine  
  127  8:28  Marine x3  
  127  8:31  Medivac x2  
  135  8:35  Marine  
  135  8:39  Command Center, Marine  
  135  8:40  Widow Mine x2  
  140  8:41  Barracks Reactor, Barracks Tech Lab x2  
  140  8:42  Marauder  
  142  8:52  Marine x5  
  143  8:56  Marine  
  143  8:58  Supply Depot  
  143  9:00  Marine x3  
  143  9:01  Marauder  
  149  9:03  Marine  
  149  9:09  Marine  
  150  9:10  Marine  
  150  9:11  Marine x3  
  150  9:14  Marine  
  156  9:18  Marine  
  156  9:20  Marauder  
  157  9:24  Widow Mine x2  
  157  9:25  Medivac x2  
  157  9:27  Marine x4, Marauder x2  
  173  9:32  Supply Depot  
  173  9:34  Supply Depot  
  173  9:36  Marine  
  173  9:37  Marine  
  173  9:38  Concussive Shells  
  173  9:45  Supply Depot  
  173  9:59  Marine  
  175  10:00  Marine x6, Marauder  
  175  10:01  Marine, Marauder x2  
  187  10:11  Marine, Widow Mine x2  
  190  10:16  Medivac x2  
  190  10:19  Marine x3  
  199  10:21  Marauder  
  199  10:22  Marauder  
  199  10:26  Marine, Marauder  
  186  10:32  Terran Infantry Armor Level 3, Terran Infantry Weapons Level 3  
  186  10:33  Marine  
  186  10:34  Marine x2  
  189  10:39  Widow Mine x2  
  195  10:43  Marauder  
  195  10:44  Marauder  
  193  10:50  Marine  
  193  10:51  Marauder  
  193  10:52  Liberator  
  199  11:07  Marine  
  194  11:12  Liberator  
  194  11:14  Marauder  
  177  11:29  Marine x9, Marauder x2  
  177  11:31  Widow Mine x2  
  191  11:34  Liberator  
  191  11:39  Marauder  
  161  11:49  Marine  
  161  11:50  Marauder x2  
  161  11:52  Marine x9  
  177  11:55  Liberator  
  177  12:00  Marauder  
  172  12:07  Marine  
  160  12:11  Marine  
  160  12:12  Marauder  
  160  12:15  Marine x8, Marauder  
  155  12:17  Liberator  
  155  12:21  Marine  
  142  12:25  Marine  
  142  12:28  Marine  
  144  12:32  Marine  
  144  12:33  Marine x2, Marauder  
  144  12:35  Planetary Fortress  
  144  12:36  Marauder  
  154  12:38  Liberator  
  154  12:39  Marauder  
  154  12:40  Marine  
  157  12:45  Marine x3  
  160  12:54  Marauder  
  160  12:55  Marine  
  160  12:56  Marine x3  
  160  12:58  Marauder  
  171  12:59  Widow Mine  
  171  13:00  Liberator, Widow Mine  
  171  13:01  Marauder  
  171  13:04  Missile Turret  
  177  13:16  Marauder  
  177  13:19  Marauder  
  183  13:21  Liberator  
  163  13:28  Marine x8, Widow Mine, Marauder  
  171  13:37  Marauder  
  176  13:43  Liberator  
  153  13:50  Marauder  
  153  13:51  Marine x5, Marauder  
  150  14:00  Marine, Marauder  
  150  14:01  Widow Mine  
  141  14:04  Liberator  
  141  14:05  Marine  
  141  14:12  Marauder  
  141  14:15  Marine  
  141  14:16  Marauder  
  146  14:17  Orbital Command  
  149  14:26  Marine x7, Marauder  
  149  14:27  Marine x2  
  160  14:33  Marauder  
  160  14:36  Widow Mine x2  
  166  14:43  Marine, Marauder  
  166  14:44  Marine  
  166  14:54  Marauder  
  163  15:04  Marine x4, Marauder  
  163  15:05  Widow Mine  
  164  15:09  Marine  
  164  15:10  Marine x4  
  164  15:12  Medivac x2  
  165  15:29  Marine x8, Marauder x2  
  165  15:30  Marauder  
  165  15:31  Liberator x2  
  148  15:47  Marine  
  148  15:49  Widow Mine x2  
  153  15:50  Marine x2, Marauder x2  
  153  15:51  Marauder  
  153  15:52  Marine x7  
  168  16:04  Marine  
  168  16:05  Command Center  
  168  16:07  Marine  
  168  16:08  Marine  
  171  16:12  Marauder  
  171  16:14  Liberator x2  
  173  16:21  Marine, Marauder  
  173  16:22  Marine  
  183  16:40  Factory Reactor  
  183  16:41  Starport  
  183  16:42  Starport  
  183  16:45  Marauder  
  185  16:52  Marine  
  185  16:53  Marauder  
  187  17:00  Marine  
  188  17:10  Marine  
  188  17:11  Marine x9, Marauder  
  184  17:30  Widow Mine x2  
  184  17:37  Marine, Marauder  
  177  17:38  Marine  
  177  17:41  Marine x9, Marauder  
  177  17:44  Medivac x2  
  185  17:45  Medivac x2  
  185  17:46  Starport Tech Lab  
  185  17:49  Fusion Core  
  191  17:58  Marauder  
  193  18:01  Missile Turret  
  193  18:04  Marine  
  193  18:05  Marine x2, Marauder x2  
  200  18:15  Ghost Academy  
  200  18:16  Refinery  
  198  18:36  Marauder  
  200  18:46  Advanced Ballistics  
  200  19:01  Refinery x2  
  165  19:22  Marine x11, Marauder x2  
  165  19:23  Widow Mine x2  
  129  19:25  Medivac  
  126  19:39  Marine  
  126  19:40  Marine x9  
  126  19:41  Marauder  
  126  19:43  Marauder x2  
  141  19:50  Command Center  
  141  19:51  Widow Mine x2, Refinery x2  
  138  19:57  Marine  
  138  19:58  Marine x2  
  139  20:01  Marine x7  
  139  20:02  Marauder  
  139  20:04  Marine, Marauder  
  151  20:13  Liberator  
  151  20:15  Marine x2  
  151  20:16  Medivac x2, Marine  
  151  20:18  Marine  
  151  20:19  Marine x4  
  160  20:25  Marauder x2  
  160  20:26  Marauder  
  154  20:33  Marine  
  131  20:36  Widow Mine x2  
  131  20:39  Marine x4  
  131  20:42  Marine  
  120  20:43  Marine  
  120  20:47  Marauder x3  
  123  20:50  Medivac  
  123  20:51  Marine  
  123  20:52  Marine x3  
  129  20:57  Marine x4  
  129  21:00  Reaper  
  131  21:04  Widow Mine x2  
  131  21:08  Marauder x2  
  131  21:09  Marine x4  
  127  21:14  Marauder  
  127  21:16  Marine x2  
  127  21:17  Marine x3  
  134  21:19  Medivac  
  134  21:24  Medivac  
  138  21:27  Marine x4  
  138  21:29  Marine x2  
  143  21:35  Marauder  
  143  21:38  Marine x6  
  145  21:45  Marine, Refinery  
  146  21:47  Marauder x2  
  146  21:48  Refinery  
  111  22:04  Marauder  
  111  22:05  Marine  
  110  22:09  Marine x6, Marauder x2  
  120  22:21  Orbital Command  
  120  22:26  Marauder  
  120  22:28  Medivac  
  124  22:30  Marauder  
  124  22:33  Medivac  
  124  22:36  Medivac  
  132  22:46  Orbital Command  
  132  22:49  Marauder  
  132  22:51  Marine  
  135  22:52  Marauder  
  135  22:55  Marine x3  
  120  22:59  Marine  
Show
View Real Time Build Order
Export as new Build Order

Snute Zerg - Winner!

Build Orders: Pool First, Muta Ling Bane 

Get SALT Encoding   

  12  0:00  Drone  
  13  0:12  Overlord  
  13  0:17  Drone  
  14  0:30  Drone x2  
  14  0:34  Drone  
  17  0:44  Spawning Pool  
  17  0:48  Drone  
  17  1:07  Hatchery  
  17  1:10  Drone  
  17  1:13  Drone  
  17  1:15  Extractor  
  17  1:18  Drone  
  18  1:31  Queen  
  18  1:32  Zergling x2  
  21  1:38  Overlord  
  21  1:49  Drone  
  22  2:00  Drone  
  23  2:06  Queen  
  25  2:12  Drone  
  26  2:15  Metabolic Boost  
  26  2:19  Queen  
  26  2:20  Drone  
  30  2:22  Drone  
  30  2:30  Drone  
  30  2:32  Drone  
  32  2:38  Overlord  
  32  2:39  Drone x2  
  32  2:42  Drone  
  32  2:43  Drone  
  35  2:51  Drone  
  36  3:00  Overlord  
  36  3:02  Drone  
  36  3:06  Drone  
  36  3:09  Overlord  
  36  3:11  Drone  
  36  3:12  Drone  
  39  3:14  Zergling x2  
  39  3:15  Zergling x4  
  39  3:16  Overlord  
  39  3:17  Drone  
  43  3:29  Drone x2  
  45  3:34  Hatchery  
  45  3:40  Drone  
  45  3:41  Drone  
  46  3:45  Drone x3  
  46  3:46  Queen x2  
  54  3:48  Drone x2  
  54  3:50  Drone  
  54  3:52  Drone  
  58  3:55  Drone  
  58  3:59  Zergling x2  
  58  4:02  Drone  
  60  4:11  Drone  
  60  4:12  Overlord  
  61  4:19  Drone x3  
  61  4:21  Queen  
  61  4:22  Spore Crawler, Queen  
  61  4:23  Spore Crawler, Drone  
  67  4:30  Zergling x2  
  67  4:34  Baneling Nest  
  67  4:36  Spore Crawler  
  65  4:41  Zergling x4  
  65  4:44  Zergling x2  
  68  4:48  Queen  
  68  4:49  Zergling x4  
  68  4:52  Overlord  
  72  4:56  Drone x3  
  72  4:57  Queen  
  72  4:58  Queen  
  79  5:03  Drone x2  
  81  5:09  Drone  
  81  5:10  Drone x3  
  81  5:13  Overlord  
  85  5:18  Evolution Chamber  
  85  5:19  Drone x5, Evolution Chamber  
  88  5:26  Extractor  
  88  5:27  Extractor  
  88  5:28  Drone  
  87  5:30  Drone x2  
  87  5:32  Extractor x2  
  87  5:33  Extractor  
  87  5:34  Drone x3  
  89  5:44  Zerg Ground Armor Level 1, Zerg Melee Weapons Level 1  
  89  5:45  Drone x2  
  89  5:46  Drone  
  89  5:48  Drone x2  
  94  5:50  Drone x2  
  94  6:05  Overlord  
  94  6:06  Overlord x2  
  94  6:09  Hatchery  
  93  6:20  Lair  
  93  6:25  Drone x3, Hatchery  
  95  6:26  Hatchery  
  95  6:27  Drone x2  
  95  6:28  Drone x2  
  98  6:42  Overlord x2  
  98  6:56  Overlord x5  
  98  7:02  Zergling x2  
  98  7:03  Zergling x14  
  98  7:04  Overlord  
  98  7:08  Overlord  
  106  7:18  Centrifical Hooks  
  106  7:21  Infestation Pit  
  106  7:22  Drone x2  
  106  7:23  Spire  
  106  7:24  Spore Crawler  
  106  7:29  Zergling x16  
  113  7:30  Zergling x2  
  113  7:33  Zergling x6  
  116  7:37  Zergling x2  
  116  7:38  Zergling x6  
  116  7:39  Zerg Ground Armor Level 2, Zerg Melee Weapons Level 2  
  116  7:53  Drone  
  116  7:54  Drone x8  
  116  7:58  Hive  
  123  8:02  Baneling x5  
  123  8:04  Zergling x2  
  123  8:05  Zergling x20  
  115  8:27  Zergling x16  
  115  8:28  Zergling x18, Overseer  
  115  8:30  Baneling x4  
  132  8:36  Mutalisk x5  
  132  8:37  Overseer  
  132  8:38  Pneumatized Carapace  
  142  8:59  Mutalisk x3, Overlord x2  
  142  9:01  Zergling x16  
  156  9:04  Baneling x7  
  156  9:11  Zergling x4  
  158  9:22  Zergling x14  
  158  9:27  Baneling x4  
  158  9:28  Zergling x10  
  163  9:32  Ultralisk Cavern  
  162  9:38  Queen x2  
  162  9:41  Baneling  
  162  9:42  Baneling x4  
  166  9:46  Zergling x16  
  174  9:57  Zerg Melee Weapons Level 3, Zerg Ground Armor Level 3  
  172  10:10  Baneling x9  
  172  10:13  Overlord x3  
  172  10:14  Overlord  
  172  10:19  Chitinous Plating  
  165  10:26  Baneling x10  
  165  10:27  Ultralisk  
  164  10:28  Zergling x8  
  164  10:29  Zergling x12  
  172  10:40  Ultralisk  
  169  10:51  Zergling x14  
  169  10:52  Zergling x4  
  169  10:55  Ultralisk  
  169  10:56  Zergling x2  
  169  10:57  Queen, Zergling x12  
  191  10:58  Queen  
  196  11:04  Ultralisk  
  192  11:14  Zergling x20  
  180  11:32  Zergling x14  
  182  11:33  Baneling x2  
  182  11:34  Baneling x6  
  162  11:48  Ultralisk x2  
  162  11:51  Queen, Zergling x18  
  162  11:52  Queen x2  
  185  11:59  Zergling x8  
  179  12:02  Queen x2  
  179  12:08  Ultralisk x2  
  188  12:13  Zergling x2  
  188  12:14  Zergling x12  
  184  12:27  Queen x2  
  188  12:30  Corruptor  
  188  12:31  Corruptor x3  
  188  12:32  Overseer  
  196  12:40  Hatchery  
  195  12:51  Hatchery, Corruptor x2  
  198  12:59  Baneling  
  198  13:00  Baneling x8  
  198  13:14  Overlord  
  197  13:22  Hatchery  
  197  13:25  Overlord x2  
  189  13:29  Overlord  
  189  13:33  Zergling x22  
  199  13:34  Adrenal Glands  
  199  13:45  Zergling x10  
  191  13:52  Ultralisk  
  191  13:55  Zergling x4  
  186  13:56  Zergling x2  
  156  14:07  Ultralisk  
  151  14:18  Ultralisk  
  163  14:31  Ultralisk  
  163  14:45  Ultralisk x2  
  164  15:06  Ultralisk x2  
  173  15:08  Zergling x16  
  173  15:09  Zergling x2  
  176  15:21  Zergling x16  
  180  15:32  Corruptor x2  
  166  15:51  Zergling x26  
  179  15:59  Hatchery  
  178  16:06  Corruptor x2  
  182  16:19  Zergling x18  
  191  16:36  Greater Spire  
  191  16:40  Zergling x10  
  191  16:43  Hatchery  
  195  16:58  Hatchery  
  194  17:12  Ultralisk  
  192  17:36  Corruptor x3  
  176  17:41  Zergling x8  
  176  17:42  Zergling x20  
  182  17:57  Zergling x20  
  192  18:06  Ultralisk  
  193  18:22  Zergling x12  
  193  18:25  Baneling x6  
  199  18:35  Overseer x3  
  197  18:48  Zergling x6  
  198  18:51  Extractor  
  172  19:18  Ultralisk x3  
  172  19:20  Zergling x2  
  172  19:21  Zergling x30  
  189  19:37  Ultralisk  
  183  19:50  Zergling x20  
  185  19:58  Ultralisk  
  189  20:00  Zergling x20  
  197  20:16  Zergling x4  
  197  20:19  Hatchery  
  183  20:26  Zergling x14  
  183  20:27  Zergling x16  
  186  20:37  Ultralisk x2  
  183  20:45  Overseer x2  
  183  20:47  Zergling x8  
  183  20:48  Zergling x18  
  195  21:14  Burrow  
  193  21:21  Extractor  
  193  21:22  Extractor  
  191  21:26  Zergling x12  
  191  21:27  Zergling x4  
  185  21:41  Ultralisk  
  185  21:45  Zergling x2  
  185  21:46  Zergling x16  
  183  22:12  Zergling x2  
  183  22:13  Zergling x16  
  192  22:22  Overseer  
  191  22:23  Overseer  
  191  22:35  Zergling x12  
  192  22:38  Overlord x2  
  192  22:41  Extractor x2  
  192  22:43  Extractor  
  189  22:44  Extractor  
  188  22:54  Hatchery  
  187  23:04  Baneling x7  
  187  23:05  Baneling  
  185  23:09  Spore Crawler  
  185  23:11  Spore Crawler  
Tags
 
Add a new tag
Caveats
  • Supply blocks, unpowered buildings, or Contaminate may cause inaccurate times.
  • Supply counts are checked every 10 seconds.